cohdb
Replays
Latest Replays
All Replays
Popular Replays
Top Player Replays
Match Explorer
How It Works
Community
CoH3 Stats
Reddit
Sign in to upload your games and track your stats! →
Sign in with Steam
Match 45248742
Unlisted
Match 45248742
Overview
Messages
Build Orders
End
Pioneer Squad
Construct Infanterie Kompanie
Grenadier Squad
Grenadier Squad
Grenadier Squad
Grenadier Squad
Selects Breakthrough Battlegroup
Selects Assault Grenadiers
Selects 2.5-tonne Cargo Truck
Selects Smoke Bombing Run
Infanterie Officer Quarters
Grenadier Squad
Selects Mechanized Assault Group
Medical Bunker
Mechanized Assault Group
Construct Panzergrenadier Kompanie
Mechanized Assault Group
Selects Blitzkrieg
Construct Panzer Kompanie
Panzer IV Medium Tank
Pioneer Squad
Pioneer Squad
Side Skirts
Selects Panzer IV Command Tank Sd.Kfz. 161/1
Panzer IV Command Tank
Herr Blautier
EPHX_Valkyrion
Khattab
嗷呜嗷
0
0
Comments
sign in to comment!
No comments posted yet!